 Dungeon Crawl Stone Soup version 0.22.1-1-ga44c0e5 (webtiles) character file.

61 JeffiDaFish the Grave Robber (level 3, -1/19 HPs)
             Began as a Deep Elf Necromancer on Sept 28, 2018.
             Slain by a hobgoblin
             ... wielding a +0 club
              (2 damage)
             ... on level 3 of the Dungeon.
             The game lasted 00:04:20 (1886 turns).

JeffiDaFish the Grave Robber (Deep Elf Necromancer) Turns: 1886, Time: 00:04:21

Health: -1/19      AC:  4    Str:  4 (5)  XL:     3   Next: 83%
Magic:  0/10       EV: 13    Int: 19 (20) God:
Gold:   84         SH:  0    Dex: 13 (15) Spells: 6/10 levels left

rFire    . . .     SeeInvis .   g - +0 rapier
rCold    . . .     Gourm    .   (no shield)
rNeg     . . .     Faith    .   a - +0 robe
rPois    .         Spirit   .   (no helmet)
rElec    .         Reflect  .   (no cloak)
rCorr    .         Harm     .   (no gloves)
MR       .....                  (no boots)
Stlth    ++........             (no amulet)
HPRegen  0.06/turn              (no ring)
MPRegen  0.12/turn              (no ring)

@: lethally poisoned (-1 -> -10)
A: talons 1, iridescent scales 1
a: no special abilities


You were on level 3 of the Dungeon.
You were not hungry.

You visited 1 branch of the dungeon, and saw 3 of its levels.

You collected 84 gold pieces.

Inventory:

Hand Weapons
 g - a +0 rapier (weapon)
Armour
 a - a +0 robe (worn)
Scrolls
 b - a scroll of identify
 e - 2 scrolls of teleportation
Potions
 f - 2 potions of brilliance
Comestibles
 c - 6 rations
 d - 2 chunks of flesh


   Skills:
 + Level 2.5 Dodging
 - Level 2.4 Stealth
 + Level 4.0 Spellcasting
 * Level 6.1 Necromancy


You had 6 spell levels left.
You knew the following spells:

 Your Spells              Type           Power        Failure   Level  Hunger
a - Pain                  Necr           ####         1%          1    None
b - Vampiric Draining     Necr           ####......   3%          3    ###....

Your spell library contained the following spells:

 Spells                   Type           Power        Failure   Level  Hunger
 Animate Skeleton         Necr           N/A          1%          1    None
 Animate Dead             Necr           N/A          11%         4    ####...
 Regeneration             Chrm/Necr      ###.......   12%         3    ###....


Dungeon Overview and Level Annotations

Branches:
Dungeon (3/15)

Altars:
Wu Jian


Innate Abilities, Weirdness & Mutations

You have sharp toenails.
You are partially covered in iridescent scales. (AC +2)


Message History

Casting: Pain (safe; 1% risk of failure)
Confirm with . or Enter, or press ? or * to list all spells.
Aiming: Pain (safe; 1% risk of failure)
Press: ? - help, Shift-Dir - straight line, f - kobold
Aim: a kobold, wielding a blowgun (chance to defeat MR: 93%)
The kobold writhes in agony!
You kill the kobold!
* * * LOW HITPOINT WARNING * * *
You feel sick.
A hobgoblin comes into view. It is wielding a club.
Okay, then.
You are too injured to fight recklessly!
* * * LOW HITPOINT WARNING * * *
You feel sick.
* * * LOW HITPOINT WARNING * * *
You feel sick.
The hobgoblin shouts!
* * * LOW HITPOINT WARNING * * *
You feel sick. The hobgoblin hits you with a club.
You die...

!.. # ...## .#.# .....###
####.#.# #....#######
#......# #
#..))....###.....##. .##
##.#####.(##......... ....
#.###...........#...
....##.(................#
>...#..#.......#@.......#
.<....#####...##g.......
.....(...............##.
K...#(.(...........#....
.).....(.........).# ###
................##.#
..........[.....##.########
.##.#.......##.###...)....#
. #...r.....##..##........#


You could see a hobgoblin.

Vanquished Creatures
  3 worms
  A dart slug (D:1)
  2 leopard geckos
  A giant cockroach (D:1)
  7 goblins
  6 hobgoblins
  4 jackals (D:2)
  A quokka (D:2)
  4 bats
  2 frilled lizards (D:1)
  8 kobolds
  A quokka skeleton (D:2)
  6 rats
46 creatures vanquished.

Vanquished Creatures (others)
  5 toadstools (D:1)
5 creatures vanquished.

Grand Total: 51 creatures vanquished

Notes
Turn   | Place    | Note
-------+----------+-------------------------------------------
     0 | D:1      | JeffiDaFish the Deep Elf Necromancer began the quest for
                  | the Orb.
     0 | D:1      | Reached XP level 1. HP: 10/10 MP: 6/6
   287 | D:1      | Reached skill level 5 in Necromancy
   449 | D:1      | Gained mutation: You are partially covered in iridescent
                  | scales. (AC +2) [potion of mutation]
   449 | D:1      | Gained mutation: You have sharp toenails. [potion of
                  | mutation]
   484 | D:1      | Reached XP level 2. HP: 11/15 MP: 4/8
  1071 | D:2      | Reached XP level 3. HP: 13/19 MP: 2/10
  1564 | D:2      | Learned a level 3 spell: Vampiric Draining
  1621 | D:2      | Found an ornate altar of the Wu Jian Council.
  1673 | D:2      | Reached skill level 6 in Necromancy
  1886 | D:3      | Slain by a hobgoblin

Skill      XL: |  1  2  3 |
---------------+----------+-----
Necromancy     | 5 6 |  6.1
Spellcasting   | 4 |  4.0
Dodging        | |  2.5
Stealth        | |  2.4

Action                   || total
-------------------------++-------
Melee: Short sword       ||    18
       Rapier            ||    12
       Kick              ||     2
 Cast: Pain              ||    60
       Vampiric Draining ||     1
  Use: Potion            ||     5
       Scroll            ||     6
 Stab: Sleeping          ||     4
  Eat: Chunk             ||     3
Armor: Robe              ||     8
Dodge: Dodged            ||    27
